Map: Apothéose EC

Players

NeWHoriZonS

  • Race: Protoss Protoss
  • League: Diamond

Marijenburg - Winner!

  • Race: Terran Terran
  • League: Diamond

VOD

Have the link to the VOD?

Description

Time

  • Played on: Sept. 1, 2016, 12:19 p.m.
  • Length: 14:25
Show
View Real Time Build Order
Export as new Build Order

NeWHoriZonS Protoss 

Build Orders: 1 Gate Expand, Dark Templar Rush 

Get SALT Encoding   

  12  0:01  Probe (Chrono Boost)  
  13  0:11  Probe (Chrono Boost)  
  14  0:17  Pylon  
  14  0:22  Probe (Chrono Boost)  
  15  0:36  Probe (Chrono Boost)  
  15  0:38  Gateway  
  16  0:46  Probe (Chrono Boost)  
  17  0:55  Assimilator  
  18  0:57  Probe (Chrono Boost)  
  18  1:21  Nexus  
  18  1:32  Cybernetics Core  
  18  1:33  Probe (Chrono Boost)  
  19  1:44  Probe (Chrono Boost)  
  19  1:46  Pylon  
  20  1:54  Probe (Chrono Boost)  
  20  1:59  Assimilator  
  21  2:04  Adept  
  21  2:06  Probe (Chrono Boost)  
  23  2:12  Warp Gate  
  23  2:18  Probe (Chrono Boost)  
  25  2:30  Adept, Probe (Chrono Boost)  
  27  2:38  Pylon  
  27  2:43  Gateway  
  28  2:52  Mothership Core (Chrono Boost)  
  28  3:03  Twilight Council  
  28  3:06  Pylon  
  28  3:07  Probe (Chrono Boost)  
  28  3:09  Adept  
  31  3:28  Robotics Facility  
  31  3:32  Probe (Chrono Boost)  
  32  3:35  Adept  
  32  3:40  Probe (Chrono Boost)  
  35  3:46  Probe (Chrono Boost)  
  36  3:50  Probe (Chrono Boost)  
  37  3:58  Dark Shrine, Probe (Chrono Boost)  
  38  4:12  Pylon  
  38  4:15  Pylon  
  39  4:17  Observer  
  39  4:27  Adept x2  
  39  4:30  Probe x2 (Chrono Boost)  
  45  4:38  Warp Prism  
  47  4:41  Probe x2 (Chrono Boost)  
  49  4:47  Pylon  
  49  4:53  Pylon  
  49  5:12  Dark Templar x2  
  49  5:13  Probe x2 (Chrono Boost)  
  55  5:21  Assimilator  
  55  5:22  Immortal  
  55  5:24  Assimilator  
  61  5:35  Probe (Chrono Boost)  
  61  5:37  Probe (Chrono Boost)  
  61  5:45  Stalker x2  
  61  5:48  Probe (Chrono Boost)  
  61  5:49  Probe (Chrono Boost)  
  67  5:58  Probe (Chrono Boost)  
  67  6:01  Probe (Chrono Boost)  
  69  6:09  Probe (Chrono Boost)  
  62  6:13  Dark Templar, Probe (Chrono Boost)  
  61  6:22  Probe (Chrono Boost)  
  61  6:24  Resonating Glaives  
  61  6:25  Probe (Chrono Boost)  
  61  6:32  Probe (Chrono Boost)  
  66  6:40  Immortal  
  66  6:43  Stargate  
  66  6:49  Gateway x2, Probe (Chrono Boost)  
  66  6:52  Gateway, Pylon  
  67  6:55  Gateway, Pylon  
  67  6:58  Adept  
  69  7:18  Pylon  
  69  7:19  Immortal  
  73  7:26  Dark Templar x2  
  77  7:38  Oracle, Pylon  
  77  7:42  Pylon  
  77  7:43  Forge  
  80  7:49  Dark Templar  
  82  7:51  Dark Templar  
  82  7:52  Zealot  
  86  8:02  Adept x2  
  90  8:06  Immortal  
  86  8:28  Stalker, Protoss Ground Weapons Level 1  
  86  8:29  Stalker x4  
  94  8:46  Pylon  
  84  8:48  Gateway  
  84  8:51  Gateway  
  78  9:05  Stalker x2  
  78  9:06  Stalker x4  
  90  9:28  Nexus  
  90  9:47  Pylon  
  90  9:55  Adept x4  
  90  9:56  Stalker x2  
  86  10:34  Protoss Ground Weapons Level 2  
  86  10:36  Stalker x2  
  86  10:37  Stalker, Zealot x3  
  86  10:38  Probe (Chrono Boost)  
  86  10:40  Probe x2 (Chrono Boost)  
  101  10:49  Probe (Chrono Boost)  
  102  10:51  Probe (Chrono Boost)  
  102  10:52  Probe (Chrono Boost)  
  102  10:53  Robotics Bay  
  102  10:55  Robotics Facility  
  104  10:59  Probe (Chrono Boost)  
  104  11:01  Probe (Chrono Boost)  
  104  11:03  Dark Templar x2  
  111  11:04  Probe (Chrono Boost)  
  111  11:10  Probe (Chrono Boost)  
  112  11:12  Probe (Chrono Boost)  
  112  11:16  Probe (Chrono Boost)  
  103  11:29  Probe (Chrono Boost)  
  103  11:30  Probe (Chrono Boost)  
  103  11:32  Pylon  
  105  11:33  Stalker x4  
  105  11:34  Pylon  
  84  11:54  Probe x2 (Chrono Boost)  
  84  11:55  Probe (Chrono Boost)  
  84  11:56  Assimilator  
  84  11:59  Disruptor x2  
  83  12:01  Assimilator  
  83  12:02  Void Ray  
  83  12:05  Probe (Chrono Boost)  
  83  12:06  Probe (Chrono Boost)  
  83  12:08  Probe (Chrono Boost)  
  96  12:18  Probe (Chrono Boost)  
  97  12:23  Probe (Chrono Boost)  
  97  12:24  Probe (Chrono Boost)  
  97  12:28  Nexus  
  100  12:30  Probe (Chrono Boost)  
  100  12:33  Disruptor  
  100  12:34  Probe (Chrono Boost)  
  100  12:36  Disruptor, Probe (Chrono Boost)  
  102  12:42  Probe (Chrono Boost)  
  109  12:51  Oracle  
  112  13:03  Mothership Core (Chrono Boost)  
  114  13:22  Assimilator x2  
  114  13:23  Pylon x2  
  114  13:25  Sentry, Pylon  
  114  13:26  Stalker, Sentry x2  
  63  14:10  Adept x5  
  63  14:11  Adept x3  
Show
View Real Time Build Order
Export as new Build Order

Marijenburg Terran - Winner!

Build Orders: Reaper Expand, MMM Bio 

Get SALT Encoding   

  12  0:00  SCV  
  13  0:13  SCV  
  14  0:17  Supply Depot  
  14  0:25  SCV  
  15  0:38  SCV  
  15  0:40  Barracks  
  16  0:45  Refinery  
  16  0:50  SCV  
  17  1:03  SCV  
  18  1:15  SCV  
  19  1:27  Orbital Command  
  19  1:28  Reaper  
  20  1:46  Command Center  
  20  1:53  SCV  
  21  2:03  Barracks Reactor  
  21  2:08  Barracks  
  21  2:10  SCV  
  22  2:21  Supply Depot  
  22  2:22  SCV  
  23  2:29  Barracks  
  23  2:42  Marine x2, SCV  
  26  2:54  SCV  
  26  2:57  Barracks Tech Lab  
  27  2:59  Bunker  
  27  3:00  Orbital Command  
  27  3:06  Marine x2, SCV  
  30  3:13  Refinery  
  30  3:15  Stimpack  
  30  3:18  SCV  
  30  3:19  Marine  
  32  3:23  Marauder  
  34  3:31  SCV  
  34  3:32  Marine  
  34  3:33  Marine, SCV  
  38  3:40  Supply Depot  
  38  3:43  Marine, SCV  
  38  3:44  Marine  
  38  3:46  SCV  
  42  3:50  Marine  
  42  3:55  Marine, SCV  
  44  4:01  SCV  
  46  4:02  Engineering Bay  
  46  4:03  Supply Depot  
  46  4:05  Marine, Marauder  
  46  4:08  Marine  
  50  4:10  SCV  
  50  4:13  SCV  
  52  4:22  Marine, SCV  
  52  4:23  Factory  
  54  4:25  SCV  
  54  4:26  Marine  
  54  4:31  Terran Infantry Weapons Level 1  
  56  4:33  Marine, Marauder  
  59  4:40  Marine  
  59  4:41  SCV x2, Supply Depot  
  62  4:46  Barracks Tech Lab  
  62  4:58  Supply Depot  
  62  4:59  Missile Turret  
  62  5:01  Missile Turret  
  62  5:02  Marine, SCV x2  
  65  5:11  Supply Depot  
  65  5:12  Combat Shields  
  65  5:14  SCV x2  
  65  5:16  Concussive Shells  
  65  5:20  Marauder  
  69  5:22  Barracks  
  69  5:24  Factory Reactor  
  69  5:26  Starport, SCV  
  70  5:31  SCV  
  71  5:39  Marine x2, Marauder  
  71  5:40  SCV  
  71  5:41  Marine  
  77  5:43  SCV  
  77  5:44  Supply Depot  
  78  5:56  Marine  
  79  5:57  Marine  
  79  5:59  Marauder  
  79  6:00  Marauder  
  79  6:14  Marine  
  79  6:18  Marine  
  74  6:21  Marauder  
  74  6:22  Marauder  
  74  6:24  Barracks  
  74  6:25  Liberator  
  68  6:26  SCV x2  
  68  6:27  Command Center  
  68  6:32  Missile Turret, Marine  
  69  6:33  Barracks Tech Lab  
  69  6:35  Factory Tech Lab  
  69  6:37  Missile Turret  
  69  6:38  SCV x2  
  71  6:41  Marine  
  71  6:42  Marauder  
  71  6:43  Marauder  
  71  6:46  Medivac  
  81  6:48  Supply Depot  
  81  6:50  SCV x2  
  81  6:51  Refinery  
  81  6:53  Refinery  
  83  7:02  SCV x2  
  85  7:08  Terran Infantry Armor Level 1  
  85  7:11  Marine, Marauder  
  85  7:12  Marauder  
  85  7:14  Engineering Bay, SCV  
  91  7:18  Barracks Reactor  
  91  7:20  SCV  
  91  7:21  Marine  
  91  7:22  Marine  
  94  7:26  SCV  
  94  7:28  Marine  
  96  7:33  Marauder  
  98  7:37  SCV  
  98  7:40  Supply Depot  
  98  7:41  Supply Depot  
  98  7:44  Orbital Command  
  99  7:47  SCV  
  100  7:52  Marine, Liberator x2  
  100  7:53  Armory, Barracks  
  100  7:55  Barracks  
  100  7:57  Marine, Marauder x2  
  112  8:16  Marine, Marauder  
  107  8:32  Marine x2, Marauder  
  107  8:33  Marine, Marauder, Siege Tank  
  117  8:34  SCV x2  
  117  8:35  SCV  
  117  8:38  Marauder  
  104  9:04  Marine x2  
  104  9:05  Marauder x2  
  104  9:06  Barracks Reactor x2  
  104  9:09  SCV x2  
  112  9:12  Orbital Command  
  112  9:17  Liberator  
  112  9:18  Marine x2, Marauder  
  112  9:21  SCV x2  
  112  9:22  Marine x2  
  120  9:24  Missile Turret  
  120  9:26  Marauder x2  
  120  9:27  Command Center  
  124  9:33  SCV  
  124  9:34  SCV  
  124  9:36  Marine  
  130  9:40  Marauder  
  129  10:06  Marine  
  130  10:07  Marine, Marauder  
  133  10:17  Marine  
  133  10:18  Marine x4  
  133  10:19  Marine  
  133  10:24  Marine  
  133  10:31  Marine  
  133  10:38  Marine  
  133  10:39  Marine x2, Marauder x3  
  142  10:46  Marine x3  
  142  10:47  Marine  
  142  10:48  Medivac  
  148  11:22  Marauder  
  148  11:23  Medivac, SCV  
  148  11:24  Marine x4  
  148  11:25  Marine  
  148  11:26  Marine x2  
  148  11:27  SCV  
  148  11:43  Marine x2, Marauder  
  148  11:44  Marauder, Liberator x2  
  148  11:45  Marauder  
  146  11:47  Siege Tank  
  146  11:48  Marine  
  146  11:49  Marine  
  146  11:50  Marine  
  124  12:00  Marine x3  
  120  12:01  Marine  
  120  12:02  SCV x2  
  120  12:03  SCV  
  120  12:04  Marauder  
  120  12:06  Marauder x2  
  136  12:14  SCV  
  136  12:15  Command Center, SCV x2  
  139  12:16  Refinery  
  139  12:19  Refinery  
  139  12:22  Missile Turret  
  139  12:25  Marine x5, Marauder  
  147  12:31  Planetary Fortress  
  147  12:32  Marauder  
  148  12:39  Marauder, SCV x2, Supply Depot  
  148  12:40  Supply Depot  
  148  12:41  Marine x2  
  148  12:43  SCV, Liberator  
  155  12:49  Marine  
  156  13:00  Marine x2, SCV, Marauder  
  156  13:01  Marine x3  
  156  13:02  SCV x2  
  169  13:07  Sensor Tower  
  169  13:12  Supply Depot  
  169  13:13  Supply Depot  
  169  13:17  Marine x3  
  172  13:26  Marine x4  
  176  13:38  Supply Depot  
  173  13:54  Marine x4  
  173  13:55  Marine x3, Marauder x3  
  170  14:06  Marine  
Tags
 
Add a new tag
Caveats
  • Supply blocks, unpowered buildings, or Contaminate may cause inaccurate times.
  • Supply counts are checked every 10 seconds.